 Dungeon Crawl Stone Soup version 0.31-a0-851-g7ff8af7976 (webtiles) character file.

Game seed: 5621103208814636328

30575 CrazyBamboolord the Zephyrmancer (level 13, -3/76 HPs)
             Began as a Tengu Air Elementalist on Oct 7, 2023.
             Was an Elder of Vehumet.
             Slain by a boulder beetle (49 damage)
             ... on level 3 of the Lair of Beasts.
             The game lasted 00:47:34 (18421 turns).

CrazyBamboolord the Zephyrmancer (TeAE)            Turns: 18421, Time: 00:47:35

Health: -3/76      AC:  9    Str:  8    XL:     13   Next: 52%
Magic:  3/27       EV: 21    Int: 22    God:    Vehumet [****..]
Gold:   568        SH:  0    Dex: 15    Spells: 10/30 levels left

rFire   + . .        D - +0 halberd "Heutofit" {heavy, rElec rC++ Str+3 Stlth+}
rCold   + + .        (shield currently unavailable)
rNeg    . . .        l - +0 steam dragon scales
rPois   .            J - +0 hat {SInv}
rElec   +            A - +1 cloak
rCorr   .            v - +1 pair of gloves
SInv    +            (boots unavailable)
Will    +....        y - amulet of magic regeneration
Stlth   +++++        p - ring of protection from fire
HPRegen 0.32/turn    x - ring of the Platytaur {Wiz Will+ Str-4 Int+2}
MPRegen 0.60/turn

%: acrobat, wizardry (x1)
@: flying
A: beak, talons 3, evasive flight, acrobatic
a: Renounce Religion


You were on level 3 of the Lair of Beasts.
You worshipped Vehumet.
Vehumet was greatly pleased with you.
You visited 3 branches of the dungeon, and saw 16 of its levels.
You also visited: Sewer, Bailey and Ice Cave.

You collected 1120 gold pieces.
You spent 552 gold pieces at shops.

Inventory:

Hand Weapons
 g - a +1 vampiric whip
 m - a +1 dagger of electrocution
 w - a +2 dagger of speed
 D - the +0 halberd "Heutofit" (weapon) {heavy, rElec rC++ Str+3 Stlth+}
   (You found it on level 10 of the Dungeon)

   Str+3:     It affects your strength (+3).
   rC++:      It greatly protects you from cold.
   rElec:     It insulates you from electricity.
   Stlth+:    It makes you more stealthy.
Armour
 l - +0 steam dragon scales (worn)
 v - a +1 pair of gloves (worn)
 A - a +1 cloak (worn)
 J - a +0 hat of see invisible (worn)
Magical Staves
 b - a staff of fire
Jewellery
 f - a ring of protection from fire
 p - a ring of protection from fire (left hand)
 x - the ring of the Platytaur (right hand) {Wiz Will+ Str-4 Int+2}
   (You found it on level 6 of the Dungeon)

   [ring of wizardry]

   Wiz:       It improves your spell success rate.
   Str-4:     It affects your strength (-4).
   Int+2:     It affects your intelligence (+2).
   Will+:     It increases your willpower.
 y - an amulet of magic regeneration (around neck)
 E - an amulet of regeneration
 F - a +5 ring of evasion
 L - a +5 ring of evasion
Wands
 o - a wand of acid (10)
 z - a wand of polymorph (14)
 N - a wand of flame (49)
Scrolls
 a - 2 scrolls of vulnerability
 e - 5 scrolls of immolation
 i - 7 scrolls of teleportation
 n - a scroll of fear
 r - 4 scrolls of poison
 s - 2 scrolls of noise
 u - a scroll of amnesia
 I - a scroll of brand weapon
 K - a scroll of butterflies
 O - a scroll of fog
 P - a scroll of silence
 Q - a scroll of revelation
Potions
 c - 4 potions of lignification
 d - 5 potions of curing
 h - 2 potions of haste
 j - 8 potions of attraction
 k - 3 potions of resistance
 q - a potion of enlightenment
 t - 3 potions of heal wounds
 B - 3 potions of might
 C - 3 potions of cancellation
 G - a potion of mutation
 H - a potion of invisibility
Miscellaneous
 M - a box of beasts


   Skills:
 + Level 6.8 Fighting
 * Level 10.9 Dodging
 + Level 7.9 Stealth
 * Level 9.3 Spellcasting
 * Level 12.6 Conjurations
 * Level 4.7 Translocations
 * Level 4.6 Fire Magic
 * Level 13.1 Air Magic


You had 10 spell levels left.
You knew the following spells:

 Your Spells              Type           Power      Damage    Failure   Level
a - Shock                 Conj/Air       100%       1d9       1%          1
b - Static Discharge      Conj/Air       100%       2-7/arc   1%          2
c - Swiftness             Air            62%        N/A       1%          3
d - Airstrike             Air            31%        2d(5-21)  1%          4
e - Iskenderun's Mystic   Conj/Tloc      48%        2d11      1%          4
f - Blink                 Tloc           60%        N/A       1%          2
g - Sticky Flame          Conj/Fire      48%        2d7       1%          4

Your spell library contained the following spells:

 Spells                   Type           Power      Damage    Failure   Level
 Olgreb's Toxic Radiance  Pois           10%        N/A       8%          4
 Cigotuvi's Dreadful Rot  Necr/Pois/Air  58%        N/A       1%          2
 Inner Flame              Hex/Fire       20%        N/A       1%          3
 Necrotise                Necr           40%        1d6       2%          1
 Slow                     Hex            40%        N/A       2%          1
 Ensorcelled Hibernation  Hex/Ice        20%        N/A       4%          2
 Jinxbite                 Hex            20%        N/A       4%          2
 Manifold Assault         Tloc           30%        N/A       4%          4
 Passage of Golubria      Tloc           30%        N/A       4%          4
 Silence                  Hex/Air        19%        N/A       4%          5
 Confusing Touch          Hex            10%        N/A       9%          3
 Ozocubu's Armour         Ice            10%        N/A       9%          3
 Sigil of Binding         Hex            10%        N/A       9%          3
 Tukima's Dance           Hex            10%        N/A       9%          3
 Vampiric Draining        Necr           10%        2d6       9%          3
 Dimensional Bullseye     Hex/Tloc       10%        N/A       10%         4
 Yara's Violent Unravell  Hex/Tmut       5%         3d4       19%         5
 Anguish                  Hex/Necr       5%         N/A       26%         4
 Animate Dead             Necr           10%        N/A       26%         4
 Dispel Undead            Necr           10%        3d9       26%         4
 Agony                    Necr           10%        N/A       56%         5
 Metabolic Englaciation   Hex/Ice        5%         N/A       56%         5
 Lehudib's Crystal Spear  Conj/Erth      19%        10d6      92%         8
 Death Channel            Necr           5%         N/A       98%         6
 Simulacrum               Ice/Necr       5%         N/A       98%         6
 Ozocubu's Refrigeration  Ice            5%         4d8       98%         7
 Enfeeble                 Hex            5%         N/A       100%        7
 Haunt                    Necr/Summ      5%         N/A       100%        7
 Infestation              Necr           5%         N/A       100%        8


Dungeon Overview and Level Annotations

Branches:
Dungeon (11/15)            Temple (1/1) D:4            Lair (4/5) D:9
  Swamp (0/4) Lair:3       Spider (0/4) Lair:3        Slime (0/5) Lair:4
    Orc (0/2) D:11          Sewer (visited)          Bailey (visited)
  IceCv (visited)

Altars:
Ashenzari
Cheibriados
Dithmenos
Elyvilon
Fedhas
Gozag
Hepliaklqana
Kikubaaqudgha
Makhleb
Nemelex Xobeh
Okawaru
Qazlal
Ru
Sif Muna
Trog
Uskayaw
Vehumet
Wu Jian
Xom
Yredelemnul
Zin
The Shining One

Shops:
D:1 (

Annotations:
Lair:4 3 exclusions


Innate Abilities, Weirdness & Mutations

You have a beak for a mouth.
You have claws for feet.
Your magical flight helps you evade attacks. (EV +4)
You can magically evade attacks while moving or waiting.


Message History

The boulder beetle is heavily wounded.
The boulder beetle is knocked back by the mystic blast.
The boulder beetle burns!
The boulder beetle leaps!
Unknown command.
The boulder beetle burns!
The boulder beetle stops burning.
The boulder beetle curls into a ball and begins rolling!
Casting: Iskenderun's Mystic Blast (safe; 1% risk of failure)
Confirm with . or Enter, or press ? or * to list all spells.
Aiming: Airstrike (safe; 1% risk of failure)
Press: ? - help, Dir - move target, f/p - boulder beetle
Aim: a boulder beetle (heavily wounded, rolling, empty space bonus: 8/8)
The air twists around and strikes the boulder beetle!
The boulder beetle is heavily wounded.
Unknown command.
You slash the boulder beetle!
You claw the boulder beetle, but do no damage.
You peck the boulder beetle.
The boulder beetle is severely wounded.
The boulder beetle hits you!
The boulder beetle stops rolling and uncurls.
The boulder beetle bites you.
The boulder beetle waves its antennae.
The boulder beetle leaps!
Unknown command.
Aiming: Airstrike (safe; 1% risk of failure)
Press: ? - help, Q - select action, (/) - cycle Dir - move target, f/p - boulder beetle
Aim: a boulder beetle (severely wounded, empty space bonus: 8/8)
The air twists around and strikes the boulder beetle!
The boulder beetle is almost dead.
Unknown command.
Unknown command.
The boulder beetle curls into a ball and begins rolling!
Reach: D) +0 halberd "Heutofit" {heavy, rElec rC++ Str+3 Stlth+}
Press: ? - help, Dir - move target, f/p - boulder beetle
Aim: a boulder beetle (almost dead, rolling, about 12% to evade the +0 halberd "Heutofit")
You reach to attack!
You barely miss the boulder beetle.
The boulder beetle is almost dead.
The boulder beetle hits you!!!
Ouch! That really hurt!
You die...

....^....##............##......#.
....#...P##....P.......######.#..
#.#.....###.#..##.......##..##...
#.#.....P.....#..................
...#.............................
.................................
...................°.............
..................○..............
................@B...............
###.............<.....#.#.##..###
...........######.#P..##.#...###.
...........####†####..#.........#
...........P#....†#...##........#
..#P..........†..>....##.........
...........##.....#.............#
..#........#......##...........##
..##.......##.....##..##.P..#####


You could see a boulder beetle (rolling).

Vanquished Creatures
  Gastronok (Lair:1)
  An eleionoma (Lair:3)
  2 vault guards (Bailey)
  A catoblepas (Lair:2)
  2 two-headed ogres (D:10)
  Urug (D:10)
  A skyshark (Lair:4)
  A harpy (shapeshifter) (D:11)
  A manticore (D:10)
  2 ugly things (IceCv)
  Maurice (D:9)
  6 elephants
  8 cane toads
  2 black mambas
  2 ice statues (IceCv)
  Psyche (D:10)
  A torpor snail (Lair:4)
  2 rime drakes (Lair:4)
  5 komodo dragons
  2 hornets
  Prince Ribbit (D:9)
  A polar bear (Lair:3)
  10 blink frogs (Lair:3)
  A jumping spider (Lair:3)
  A wraith (D:11)
  Eustachio (D:6)
  A shadow (D:11)
  3 wyverns
  32 yaks
  7 humans (Bailey)
  A steam dragon (D:7)
  6 water moccasins
  Duvessa (D:6)
  An orc warrior (D:9)
  2 ice beasts
  4 black bears
  An ogre (D:6)
  6 wolves (Lair:2)
  2 phantoms
  3 centaurs
  A kobold brigand (D:4)
  17 bullfrogs
  A cane toad simulacrum (IceCv)
  3 scorpions
  6 wights
  Dowan (D:6)
  An elephant simulacrum (IceCv)
  10 killer bees
  2 electric eels (D:8)
  5 howler monkeys
  3 hounds
  4 orc priests
  3 jellies
  A gnoll bouda (D:3)
  Crazy Yiuf (D:6)
  2 sleepcaps
  7 iguanas
  6 orc wizards
  A wolf simulacrum (IceCv)
  10 gnolls
  6 adders
  5 river rats
  A shadow imp (D:7)
  A white imp (D:6)
  An ufetubus (D:5)
  A worm (D:9)
  2 dart slugs
  15 orcs
  6 ball pythons
  2 bats
  9 endoplasms
  3 giant cockroaches
  12 goblins
  2 hobgoblins
  2 jackals (D:5)
  7 kobolds
  7 quokkas
  7 frilled lizards
  9 rats
  A butterfly (D:3)
312 creatures vanquished.

Notes
Turn   | Place    | Note
-------+----------+-------------------------------------------
     0 | D:1      | CrazyBamboolord the Tengu Air Elementalist began the quest
                  | for the Orb.
     0 | D:1      | Reached XP level 1. HP: 10/10 MP: 4/4
   180 | D:1      | Reached XP level 2. HP: 15/15 MP: 4/6
   268 | D:1      | Found a faded altar of an unknown god.
   395 | D:1      | Found Siwnybb's Weapon Shop.
   395 | D:1      | Noticed a +0 lajatang
   410 | D:1      | Noticed a +0 bardiche
   555 | D:1      | Reached XP level 3. HP: 16/20 MP: 2/7
   810 | D:2      | Learned a level 2 spell: Static Discharge
   814 | D:2      | Learned a level 3 spell: Swiftness
  1128 | D:2      | Reached XP level 4. HP: 22/24 MP: 1/8
  1581 | D:3      | Found an iron altar of Okawaru.
  1584 | D:3      | Reached skill level 1 in Fighting
  1648 | D:3      | Identified the +2 ring mail of Polish {rPois rN+ Stlth-}
  2101 | D:3      | Found a white marble altar of Elyvilon.
  2225 | D:3      | Reached XP level 5. HP: 28/29 MP: 3/10
  2585 | D:4      | Reached skill level 5 in Air Magic
  2587 | D:4      | Noticed a black bear
  2647 | D:4      | Reached XP level 6. HP: 19/34 MP: 4/11
  2719 | D:4      | Found a hide-covered altar of Uskayaw.
  2721 | D:4      | Found a radiant altar of Vehumet.
  2817 | D:4      | Found a glowing drain.
  2823 | Sewer    | Entered a sewer
  3151 | Sewer    | Gained mutation: Your magical flight helps you evade
                  | attacks. (EV +4) [Tengu growth]
  3151 | Sewer    | Reached XP level 7. HP: 21/39 MP: 5/13
  3641 | D:4      | Found a staircase to the Ecumenical Temple.
  3658 | Temple   | Entered the Ecumenical Temple
  3751 | D:4      | Became a worshipper of Vehumet
  3994 | D:4      | Reached skill level 6 in Air Magic
  4146 | D:4      | Learned a level 4 spell: Airstrike
  4279 | D:5      | Entered Level 5 of the Dungeon
  4461 | D:5      | Reached skill level 5 in Conjurations
  4552 | D:5      | Reached XP level 8. HP: 14/45 MP: 1/15
  4769 | D:5      | Found a basalt altar of Yredelemnul.
  5124 | D:5      | Reached skill level 5 in Dodging
  5429 | D:6      | Noticed Duvessa
  5429 | D:6      | Noticed Dowan
  5435 | D:6      | Killed Duvessa
  5446 | D:6      | Reached skill level 7 in Air Magic
  5446 | D:6      | Killed Dowan
  5593 | D:6      | Identified the ring of the Platytaur {Wiz Will+ Str-4
                  | Int+2}
  5680 | D:6      | Noticed Eustachio
  5688 | D:6      | Killed Eustachio
  5997 | D:6      | Reached XP level 9. HP: 51/51 MP: 13/17
  6205 | D:6      | Found a runed translucent door.
  6206 | D:6      | Noticed Crazy Yiuf
  6343 | D:6      | Killed Crazy Yiuf
  6344 | D:6      | Reached skill level 5 in Spellcasting
  6555 | D:7      | Reached * piety under Vehumet
  6555 | D:7      | Offered knowledge of Freeze by Vehumet.
  6784 | D:7      | Reached skill level 8 in Air Magic
  7244 | D:8      | Found Jid Gae's Magic Scroll Boutique.
  7452 | D:8      | Noticed a hornet
  7631 | D:8      | Found a sacrificial altar of Ru.
  7772 | D:8      | Killed a hornet
  8104 | D:9      | Noticed a komodo dragon
  8110 | D:9      | Noticed a komodo dragon
  8117 | D:9      | Killed a komodo dragon
  8118 | D:9      | Reached skill level 5 in Stealth
  8154 | D:9      | Killed a komodo dragon
  8155 | D:9      | Reached skill level 9 in Air Magic
  8155 | D:9      | Reached XP level 10. HP: 46/57 MP: 5/20
  8261 | D:9      | Found a staircase to the Lair.
  8347 | D:9      | Noticed Maurice
  8353 | D:9      | Maurice stole an amulet of regeneration
  8387 | D:9      | Something stole a +1 vampiric whip
  8390 | D:9      | Killed Maurice
  8529 | D:9      | Reached ** piety under Vehumet
  8529 | D:9      | Offered knowledge of Sandblast by Vehumet.
  9103 | D:9      | Reached skill level 10 in Air Magic
  9232 | D:9      | Noticed Prince Ribbit
  9239 | D:9      | Killed Prince Ribbit
  9648 | D:9      | Found a snail-covered altar of Cheibriados.
  9710 | D:10     | Entered Level 10 of the Dungeon
  9710 | D:10     | Noticed Urug
  9716 | D:10     | Killed Urug
  9717 | D:10     | Reached XP level 11. HP: 40/62 MP: 0/22
  9931 | D:10     | Noticed a two-headed ogre
  9936 | D:10     | Killed a two-headed ogre
  9937 | D:10     | Reached skill level 5 in Fighting
  9995 | D:10     | Noticed Psyche
 10000 | D:10     | Killed Psyche
 10064 | D:10     | Noticed a two-headed ogre
 10069 | D:10     | Killed a two-headed ogre
 10070 | D:10     | Reached skill level 10 in Conjurations
 10070 | D:10     | Noticed a manticore
 10082 | D:10     | Killed a manticore
 10094 | D:10     | Found a flagged portal.
 10108 | Bailey   | Entered a bailey
 10140 | Bailey   | Learned a level 4 spell: Iskenderun's Mystic Blast
 10143 | Bailey   | Learned a level 2 spell: Blink
 10169 | Bailey   | Offered knowledge of Scorch by Vehumet.
 10514 | Bailey   | Reached skill level 11 in Air Magic
 10667 | Bailey   | Reached skill level 1 in Translocations
 10835 | Bailey   | Noticed a vault guard
 10993 | Bailey   | Killed a vault guard
 11207 | Bailey   | Noticed a vault guard
 11228 | Bailey   | Killed a vault guard
 11389 | D:10     | Reached *** piety under Vehumet
 11468 | D:10     | Found a sparkling altar of Nemelex Xobeh.
 11850 | D:10     | Identified the +0 halberd "Heutofit" {heavy, rElec rC++
                  | Str+3 Stlth+}
 12065 | D:11     | Found a staircase to the Orcish Mines.
 12123 | D:11     | Noticed a harpy
 12130 | D:11     | Killed a harpy
 12374 | D:11     | Reached XP level 12. HP: 52/69 MP: 15/25
 12452 | D:11     | Offered knowledge of Sticky Flame by Vehumet.
 12944 | Lair:1   | Entered Level 1 of the Lair of Beasts
 13010 | Lair:1   | You are sucked into a shaft and drop 1 floor!
 13247 | Lair:2   | Reached **** piety under Vehumet
 13254 | Lair:2   | Learned a level 4 spell: Sticky Flame
 13478 | Lair:2   | Noticed a catoblepas
 13492 | Lair:2   | Killed a catoblepas
 13493 | Lair:2   | Reached skill level 12 in Air Magic
 13848 | Lair:2   | Reached skill level 1 in Fire Magic
 13861 | Lair:2   | Offered knowledge of Olgreb's Toxic Radiance by Vehumet.
 14226 | Lair:1   | Noticed Gastronok
 14233 | Lair:1   | Killed Gastronok
 14234 | Lair:1   | Reached skill level 10 in Dodging
 15258 | Lair:3   | Found a hole to the Spider Nest.
 15636 | Lair:3   | Noticed an eleionoma
 15642 | Lair:3   | Killed an eleionoma
 15643 | Lair:3   | Reached XP level 13. HP: 49/75 MP: 5/26
 15723 | Lair:3   | Found a staircase to the Swamp.
 17074 | Lair:4   | Found a frozen archway.
 17230 | IceCv    | Entered an ice cave
 17285 | IceCv    | Found a transporter.
 17293 | IceCv    | Found a transporter.
 17324 | IceCv    | Reached skill level 13 in Air Magic
 18133 | D:8      | Bought a scroll of butterflies for 48 gold pieces
 18133 | D:8      | Bought a scroll of silence for 114 gold pieces
 18133 | D:8      | Bought a scroll of teleportation for 36 gold pieces
 18133 | D:8      | Bought a scroll of revelation for 90 gold pieces
 18133 | D:8      | Bought 3 scrolls of poison for 144 gold pieces
 18133 | D:8      | Bought 3 scrolls of identify for 72 gold pieces
 18136 | D:8      | Bought a scroll of identify for 24 gold pieces
 18136 | D:8      | Bought a scroll of identify for 24 gold pieces
 18421 | Lair:3   | Slain by a boulder beetle

Illustrated notes

Levels and vault maps discovered:
D:1:      lightli_arrival_lavapool, layout_basic, serial_shops,
          nicolae_shop_mannequins, hellmonk_ecumenical_altar_blasted,
          dreamdust_wishing_well, corexii_leaking_fountain, hex_large
D:2:      layout_rooms
D:3:      layout_loops_cross, okawaru_ov_weapons_minmay,
          nicolae_elyvilon_peaceful_grove, serial_bayou_ford_a
D:4:      layout_basic, nicolae_overflow_squiral,
          minmay_temple_entry_statues_fountains, gup_sewer_entry_spiral,
          grunt_ministairs_14
D:5:      layout_basic, lemuel_round_altar, minmay_gold_behind_fungi,
          abandoned_shop
D:6:      layout_loops_ring, uniq_crazy_yiuf_cottage, uniq_duvessa,
          uniq_eustachio
D:7:      layout_loops_corners
D:8:      layout_loops_ring, old_standard_altar, serial_shops,
          nicolae_take_the_stairs, nicolae_water_bricks
D:9:      layout_loops_corners, cheibrodos_worm_habitat,
          grunt_lair_entry_orc_guard_hut, uniq_prince_ribbit1, uniq_maurice
D:10:     layout_roguey, nemelex_spade_bored_becter, enter_bailey_7,
          nicolae_hexahallways, uniq_urug, uniq_psyche
D:11:     layout_irregular_city, orc_0_dummy
Temple:   nicolae_temple_superstar
Lair:1:   layout_roguey, minmay_stone_trees_small, uniq_gastronok
Lair:2:   layout_chaotic_city
Lair:3:   layout_regular_city, alex1729_swamp_entry_worm_eleionoma,
          spider_nest_entry_rubble
Lair:4:   nzn_winding_woodlands_small [nzn_winding_woodlands_5x15_cabin,
          nzn_winding_woodlands_center_triple_pond,
          nzn_winding_woodlands_5x15_default], layout_concentric_octagons,
          dpeg_slime_entry_enclosed, portal_ice_cave_rime

Skill      XL: |  1  2  3  4  5  6  7  8  9 10 11 12 13 |
---------------+----------------------------------------+-----
Conjurations   | 2 3 4 5 6 8 9 11 12 | 12.6
Fighting       | 1 2 3 4 5 6 |  6.8
Dodging        | 3 4 5 7 8 9 10 | 10.9
Spellcasting   | 3 4 6 7 8 9 |  9.3
Air Magic      | 5 6 7 9 10 11 12 13 | 13.1
Stealth        | 3 4 5 6 7 |  7.9
Translocations | 2 4 |  4.7
Fire Magic     | 3 4 |  4.6

Action                     |  1- 3 |  4- 6 |  7- 9 | 10-12 | 13-15 || total
---------------------------+-------+-------+-------+-------+-------++-------
  Melee: Unarmed           |     4 |       |       |       |       ||     4
         Kick              |     5 |     4 |     2 |    13 |     9 ||    33
         Short sword       |     5 |       |       |       |       ||     5
         Peck              |     1 |     2 |     1 |    11 |     7 ||    22
         Dagger            |       |    17 |    10 |    10 |       ||    37
         Punch             |       |     1 |       |       |       ||     1
         Halberd           |       |       |       |    27 |    23 ||    50
   Cast: Shock             |    48 |    98 |   174 |   101 |       ||   421
         Static Discharge  |       |     5 |    32 |   121 |     4 ||   162
         Airstrike         |       |       |    13 |   172 |   120 ||   305
         Sticky Flame      |       |       |       |     2 |     4 ||     6
         Iskenderun's Myst |       |       |       |       |    15 ||    15
  Evoke: Wand              |       |       |     2 |       |     1 ||     3
    Use: Scroll            |       |     4 |     8 |    11 |     8 ||    31
         Potion            |       |       |     3 |     1 |     6 ||    10
   Stab: Sleeping          |       |       |     4 |     7 |     1 ||    12
 Armour: Robe              |     9 |    20 |    30 |       |       ||    59
         Steam dragon scal |       |       |    14 |   127 |   102 ||   243
         Skin              |       |       |       |       |    17 ||    17
  Dodge: Dodged            |    13 |    48 |    74 |   293 |   224 ||   652

Table legend: (Time is in decaauts)
 A = Elapsed time spent in this place.
 B = Non-inter-level travel time spent in this place.
 C = Inter-level travel time spent in this place.
 D = Time resting spent in this place.
 E = Time spent auto-exploring this place.
 F = Levels seen in this place.
 G = Mean time per level.
                   A        B        C        D        E       F      G
               +--------+--------+--------+--------+--------+-----+--------+
         Total |  18542 |  17457 |   1085 |   3399 |  10968 |  19 |  975.9 |
       Dungeon |  11551 |  10814 |    737 |   1013 |   7961 |  11 | 1050.1 |
        Temple |      1 |      0 |      1 |      0 |      0 |   1 |    1.0 |
          Lair |   4888 |   4542 |    346 |   1283 |   2569 |   4 | 1222.0 |
         Sewer |    565 |    565 |      0 |     15 |    437 |   1 |  565.0 |
        Bailey |   1191 |   1191 |      0 |    868 |      0 |   1 | 1191.0 |
      Ice Cave |    344 |    344 |      0 |    220 |      0 |   1 |  344.0 |
               +--------+--------+--------+--------+--------+-----+--------+

Top non-repeatable levels by time:
  Lair:2: 2048 daAuts
     D:9: 1974 daAuts
  Lair:3: 1410 daAuts
     D:3: 1222 daAuts
  Bailey: 1191 daAuts
     D:5: 1130 daAuts
     D:4: 1060 daAuts
     D:6: 1033 daAuts
    D:10: 1030 daAuts
    D:11: 999 daAuts
  Lair:1: 883 daAuts
     D:8: 825 daAuts
     D:1: 800 daAuts
     D:7: 798 daAuts
     D:2: 675 daAuts
